 Dungeon Crawl Stone Soup version 0.25-a0-699-g25a338df49 (webtiles) character file.

Game seed: 1695256382728072826, levelgen mode: deterministic

11260 DasRunzen the Destroyer (level 11, -11/85 HPs)
             Began as a Demigod Conjurer on Apr 2, 2020.
             Mangled by an orc warrior
             ... wielding a +0 halberd
             ... led by an orc knight
              (17 damage)
             ... on level 1 of the Orcish Mines.
             The game lasted 00:29:04 (8712 turns).

DasRunzen the Destroyer (Demigod Conjurer)          Turns: 8712, Time: 00:29:04

Health: -11/85     AC:  8    Str: 11    XL:     11   Next: 23%
Magic:  2/27       EV: 18    Int: 27    God:
Gold:   956        SH:  0    Dex: 16    Spells: 16/26 levels left

rFire    + + .     SeeInvis +   e - +4 flail (venom)
rCold    . . .     Gourm    .   (no shield)
rNeg     . . .     Faith    .   q - +1 robe of an ice cave {*Slow rElec rF++ SInv}
rPois    .         Spirit   .   (no helmet)
rElec    +         Reflect  .   (no cloak)
rCorr    .         Harm     .   g - +1 pair of gloves
MR       +....                  j - +2 pair of boots
Stlth    +++.......             (no amulet)
HPRegen  0.64/turn              t - ring of stealth
MPRegen  0.20/turn              m - ring of wizardry

@: mighty
A: clever 1, frail 1, high mp 1, mutation resistance 1, regeneration 1
a: no special abilities


You were on level 1 of the Orcish Mines.
You were hungry.

You visited 2 branches of the dungeon, and saw 11 of its levels.

You collected 956 gold pieces.

Inventory:

Hand Weapons
 e - a +4 flail of venom (weapon)
Armour
 g - a +1 pair of gloves (worn)
 j - a +2 pair of boots (worn)
 q - the +1 robe of an ice cave (worn) {*Slow rElec rF++ SInv}
   (You found it on level 8 of the Dungeon)

   It greatly protects you from fire.
   It insulates you from electricity.
   It lets you see invisible.
   It may slow you when you take damage.
Jewellery
 m - a ring of wizardry (right hand)
 o - an uncursed ring of fire
 t - a ring of stealth (left hand)
Wands
 f - a wand of scattershot (6)
 n - a wand of flame (60)
 u - a wand of digging (5)
 w - a wand of enslavement (1)
Scrolls
 b - 11 scrolls of teleportation
 i - a scroll of fear
 k - 3 scrolls of remove curse
 p - 3 scrolls of fog
 s - 3 scrolls of amnesia
Potions
 a - a potion of magic {unknown}
 d - 2 potions of might
 h - 3 potions of curing
 l - a potion of invisibility
 v - a potion of haste
 x - a potion of brilliance {unknown}
 z - a potion of flight
Comestibles
 c - 21 rations


   Skills:
 + Level 8.4 Fighting
 + Level 8.7 Dodging
 - Level 1.7 Stealth
 + Level 8.0 Spellcasting
 + Level 9.2 Conjurations


You had 16 spell levels left.
You knew the following spells:

 Your Spells              Type           Power        Failure   Level  Hunger
a - Magic Dart            Conj           ####         1%          1    None
b - Searing Ray           Conj           ######       1%          2    None
c - Dazzling Flash        Conj/Hex       #####.       1%          3    None
d - Iskenderun's Mystic   Conj/Tloc      #####...     3%          4    ##.....

Your spell library contained the following spells:

 Spells                   Type           Power        Failure   Level  Hunger
 Corona                   Hex            ##.....      2%          1    None
 Summon Small Mammal      Summ           ##..         2%          1    None
 Call Imp                 Summ           ##......     3%          2    None
 Ensorcelled Hibernation  Hex/Ice        ##....       3%          2    None
 Fulminant Prism          Conj/Hex       #####.....   3%          4    ##.....
 Call Canine Familiar     Summ           ##......     6%          3    None
 Confusing Touch          Hex            ##......     6%          3    None
 Gell's Gravitas          Tloc           ##........   6%          3    None
 Summon Guardian Golem    Hex/Summ       ##......     6%          3    None
 Tukima's Dance           Hex            ##......     6%          3    None
 Petrify                  Tmut/Erth      ##......     21%         4    ##.....
 Summon Ice Beast         Ice/Summ       ##......     21%         4    ##.....
 Summon Lightning Spire   Summ/Air       ##......     21%         4    ##.....
 Metabolic Englaciation   Hex/Ice        ##........   47%         5    ####...
 Yara's Violent Unravell  Hex/Tmut       ##........   47%         5    ####...


Dungeon Overview and Level Annotations

Branches:
Dungeon (9/15)             Temple (0/1) D:6             Orc (2/2) D:9
   Lair: D:8-11         Elf: Orc:2

Shops:
D:4 =   Orc:1 }

Annotations:
D:8 3 runed translucent doors, terminal's ghost, journeyman GrFi
Orc:1 Urug


Innate Abilities, Weirdness & Mutations

You have an increased reservoir of magic. (+10% MP)
Your mind is acute. (Int +2)
You are frail. (-10% HP)
You are somewhat resistant to further mutation.
Your natural rate of healing is unusually fast.


Message History

The troll resists with some effort.
The orc warrior closely misses you.
Evoke which item? (* to show all) (? for menu, Esc to quit)
Aiming: Enslavement
Press: ? - help, Shift-Dir - straight line, f - two-headed ogre, p - troll
Aim: a two-headed ogre, wielding two +0 giant clubs (moderately wounded, chance to defeat MR: 28%)
The two-headed ogre easily resists.
The troll misses you. x2
The troll claws you. The two-headed ogre closely misses you.
The two-headed ogre misses you.
Urug screams, "Die, harpy!"
The orc warrior hits you from afar with a +0 halberd!!
* * * LOW HITPOINT WARNING * * *
The orc warrior shouts!
The troll misses you. The troll completely misses you. The troll claws you.
* * * LOW HITPOINT WARNING * * *
The orc warrior barely misses you. The troll completely misses you.
The troll barely misses you. The troll claws you!
* * * LOW HITPOINT WARNING * * *
The orc warrior no longer looks unusually strong.
The orc warrior hits you from afar with a +0 halberd!
You die...

...$ ##.....##..#..
....##.......#.....
...o..............#
..........$........
#....o....h#.#.....
......†.....#......
.....).oo.>........
##))OT)..#.....
###o#.@## #.#
######


You could see Urug, a two-headed ogre, a troll, a warg, 2 orc warriors and an
orc.

Vanquished Creatures
  Erolcha (D:9)
  A two-headed ogre (Orc:2)
  A centaur warrior (D:9)
  An orc knight (D:9)
  2 orc sorcerers
  Maurice (D:8)
  A troll (Orc:1)
  A hornet (D:9)
  A hippogriff (D:8)
  A spriggan (D:8)
  5 yaks (D:8)
  Sigmund (D:2)
  A hungry ghost (D:8)
  Edmund (D:5)
  2 wargs
  2 water moccasins
  10 orc warriors
  A sky beast (D:7)
  3 phantoms
  2 black bears
  3 ice beasts
  A necrophage (D:6)
  8 ogres
  2 centaurs
  The ghost of M4edhros the Charlatan, an amateur OpAr (D:4)
  A big kobold (D:4)
  6 bullfrogs
  A water moccasin skeleton (D:7)
  4 scorpions
  3 killer bees (D:8)
  A howler monkey (D:8)
  5 crimson imps
  2 bullfrog zombies
  3 jellies
  5 hounds
  2 centaur skeletons
  7 orc priests
  2 iguanas
  Terence (D:2)
  15 orc wizards
  5 worker ants
  A killer bee zombie (D:7)
  A hound skeleton (D:6)
  4 gnolls (D:9)
  13 adders
  2 oozes
  2 adder skeletons
  2 worms
  4 dart slugs
  5 leopard geckos
  62 orcs
  12 bats
  6 giant cockroaches
  5 goblins
  11 hobgoblins
  6 jackals
  8 kobolds
  7 quokkas
  2 ball pythons
  10 frilled lizards
  A jackal skeleton (D:5)
  12 rats
293 creatures vanquished.

Vanquished Creatures (collateral kills)
  An orc priest (Orc:1)
  2 orcs (Orc:1)
3 creatures vanquished.

Vanquished Creatures (others)
  An orc knight (Orc:1)
  An orc (Orc:1)
2 creatures vanquished.

Grand Total: 298 creatures vanquished

Notes
Turn   | Place    | Note
-------+----------+-------------------------------------------
     0 | D:1      | DasRunzen the Demigod Conjurer began the quest for the Orb.
     0 | D:1      | Reached XP level 1. HP: 14/14 MP: 5/5
    66 | D:1      | Reached XP level 2. HP: 10/22 MP: 0/7
   256 | D:1      | Reached skill level 1 in Fighting
   399 | D:1      | Reached XP level 3. HP: 20/28 MP: 6/8
   856 | D:1      | Gained mutation: You are dopey. (Int -2) [potion of
                  | mutation]
   856 | D:1      | Gained mutation: Your spells are a little harder to cast,
                  | but a little more powerful. [potion of mutation]
   856 | D:1      | Gained mutation: You have large cloven feet. [potion of
                  | mutation]
   909 | D:2      | Noticed Terence
   927 | D:2      | Killed Terence
   927 | D:2      | Reached skill level 4 in Conjurations
  1059 | D:2      | Reached XP level 4. HP: 30/35 MP: 3/10
  1303 | D:2      | Found a faded altar of an unknown god,
  1431 | D:2      | Learned a level 2 spell: Searing Ray
  1441 | D:2      | Noticed Sigmund
  1448 | D:2      | Killed Sigmund
  1448 | D:2      | Reached XP level 5. HP: 17/42 MP: 3/12
  1841 | D:3      | Noticed a phantom
  1853 | D:3      | Killed a phantom
  1853 | D:3      | Reached XP level 6. HP: 50/50 MP: 1/13
  2916 | D:4      | Reached skill level 5 in Conjurations
  3016 | D:4      | Reached XP level 7. HP: 42/57 MP: 1/15
  3197 | D:4      | Found a runed translucent door,
  3197 | D:4      | Noticed M4edhros's ghost (amateur OpAr)
  3217 | D:4      | Killed M4edhros's ghost
  3311 | D:4      | Found Luseih's Jewellery Emporium,
  3384 | D:4      | Lost mutation: You are dopey. (Int -2) [potion of mutation]
  3384 | D:4      | Lost mutation: You have large cloven feet. [potion of
                  | mutation]
  3384 | D:4      | Lost mutation: Your spells are a little harder to cast, but
                  | a little more powerful. [potion of mutation]
  3384 | D:4      | Gained mutation: Your mind is acute. (Int +2) [potion of
                  | mutation]
  3384 | D:4      | Gained mutation: You are frail. (-10% HP) [potion of
                  | mutation]
  3384 | D:4      | Gained mutation: Your natural rate of healing is unusually
                  | fast. [potion of mutation]
  3384 | D:4      | Gained mutation: You are somewhat resistant to further
                  | mutation. [potion of mutation]
  3483 | D:5      | Entered Level 5 of the Dungeon
  3653 | D:5      | Noticed Edmund
  3667 | D:5      | Killed Edmund
  3667 | D:5      | Reached XP level 8. HP: 52/59 MP: 4/18
  3909 | D:5      | Found a sacrificial altar of Ru,
  4135 | D:6      | Reached skill level 5 in Dodging
  4135 | D:6      | Reached skill level 6 in Conjurations
  4305 | D:6      | Reached skill level 5 in Fighting
  4305 | D:6      | Reached skill level 5 in Spellcasting
  4341 | D:6      | Learned a level 3 spell: Dazzling Flash
  4348 | D:6      | Found a staircase to the Ecumenical Temple,
  4666 | D:7      | Reached XP level 9. HP: 56/65 MP: 10/20
  4681 | D:7      | Found a shimmering altar of Xom,
  5016 | D:7      | Found a hide-covered altar of Uskayaw,
  5044 | D:7      | Found a blossoming altar of Fedhas,
  5044 | D:7      | Found a shimmering blue altar of Sif Muna,
  5044 | D:7      | Found a shattered altar of Ashenzari,
  5045 | D:7      | Found a burning altar of Makhleb,
  5130 | D:7      | Reached skill level 7 in Conjurations
  5828 | D:8      | Found a runed translucent gate,
  5828 | D:8      | Found a runed translucent gate,
  5828 | D:8      | Found an opulent altar of Gozag,
  5829 | D:8      | Found a runed translucent gate,
  5831 | D:8      | Noticed terminal's ghost (journeyman GrFi)
  6002 | D:8      | Got a colourful robe
  6013 | D:8      | Identified the +1 robe of an ice cave {*Slow rElec rF++
                  | SInv} (You found it on level 8 of the Dungeon)
  6269 | D:8      | Noticed Maurice
  6277 | D:8      | Killed Maurice
  6544 | D:8      | Found an iron altar of Okawaru,
  6615 | D:9      | Reached XP level 10. HP: 70/74 MP: 18/23
  6752 | D:8      | Reached skill level 8 in Conjurations
  6822 | D:9      | Learned a level 4 spell: Iskenderun's Mystic Blast
  6884 | D:9      | Noticed a centaur warrior
  6914 | D:9      | Killed a centaur warrior
  7163 | D:9      | Found a staircase to the Orcish Mines,
  7201 | D:9      | Noticed Erolcha
  7207 | D:9      | Paralysed by Erolcha for 3 turns
  7216 | D:9      | Killed Erolcha
  7580 | Orc:1    | Entered Level 1 of the Orcish Mines
  7580 | Orc:1    | Noticed an orc knight
  7580 | Orc:1    | Noticed an orc sorcerer
  7594 | D:9      | Killed an orc sorcerer
  7680 | D:9      | Killed an orc knight
  7869 | Orc:1    | Noticed an orc sorcerer
  7877 | Orc:1    | Noticed a rust devil
  7877 | Orc:1    | Killed an orc sorcerer
  7877 | Orc:1    | Reached XP level 11. HP: 83/83 MP: 8/26
  7889 | Orc:1    | Reached skill level 9 in Conjurations
  8113 | Orc:1    | Found Gaeffuav's Gadget Shoppe,
  8222 | Orc:2    | Entered Level 2 of the Orcish Mines
  8607 | Orc:2    | Noticed a two-headed ogre
  8620 | Orc:2    | Killed a two-headed ogre
  8627 | Orc:2    | Noticed an ogre mage
  8629 | Orc:2    | Noticed an ogre mage
  8629 | Orc:2    | Noticed a two-headed ogre
  8636 | Orc:2    | Noticed a two-headed ogre
  8642 | Orc:2    | Noticed a two-headed ogre
  8687 | Orc:1    | Noticed Urug
  8687 | Orc:1    | Noticed an orc knight
  8687 | Orc:1    | Noticed an orc knight
  8687 | Orc:1    | HP: 1/85 [orc warrior/+0 mace[an orc knight] (9)]
  8712 | Orc:1    | Mangled by an orc warrior

Levels and vault maps discovered:
D:1:      onia_arrival_handbag, layout_loops_ring
D:2:      minmay_door_path, layout_basic,
          chequers_ecumenical_altar_simple_redux, kennysheep_generic_room_3,
          uniq_terence, uniq_sigmund
D:3:      layout_loops_ring, chequers_serial_rivers_marsh, serial_bayou_pond_e,
          minmay_box_of_dots
D:4:      layout_rooms, serial_shops, shop, ebering_ghost_inner_flame,
          first_ration
D:5:      layout_basic, nicolae_ru_awakened_eye, uniq_edmund
D:6:      layout_rooms, temple_fountains
D:7:      layout_layer_cave, lemuel_crystal_altar, lemuel_crystal_altar,
          chequers_temple_overflow_statue_of_worship, kennysheep_dice
D:8:      layout_rooms, ebering_ghost_gozag, minmay_holes,
          hangedman_decor_riveting, the_bakery, okawaru_trees_1, uniq_maurice
D:9:      layout_big_octagon, orc_0_dummy, uniq_erolcha
Orc:1:    layout_caves, serial_shops, shop, uniq_urug
Orc:2:    st_orc_ogre_mass, layout_caves, serial_shops,
          nicolae_shop_behind_doors

Skill      XL: |  1  2  3  4  5  6  7  8  9 10 11 |
---------------+----------------------------------+-----
Dodging        | 2 3 4 5 7 8 |  8.7
Spellcasting   | 2 3 4 5 6 7 8 |  8.0
Fighting       | 1 2 3 4 5 6 8 |  8.4
Conjurations   | 4 5 6 7 8 9 |  9.2
Stealth        | |  1.7

Action                   |  1- 3 |  4- 6 |  7- 9 | 10-12 || total
-------------------------+-------+-------+-------+-------++-------
Melee: Unarmed           |     9 |       |       |       ||     9
       Dagger            |    44 |       |       |       ||    44
       Flail             |       |   133 |   222 |   143 ||   498
 Cast: Magic Dart        |    66 |    47 |    53 |    68 ||   234
       Searing Ray       |       |     8 |    28 |    33 ||    69
       Iskenderun's Myst |       |       |       |    19 ||    19
       Dazzling Flash    |       |       |       |     2 ||     2
Evoke: Wand              |       |       |       |     3 ||     3
  Use: Scroll            |     5 |     6 |     6 |     2 ||    19
       Potion            |     3 |       |     1 |     4 ||     8
 Stab: Sleeping          |       |       |     5 |       ||     5
  Eat: Chunk             |       |     8 |     9 |     7 ||    24
       Ration            |       |       |     1 |       ||     1
Armor: Robe              |     7 |    36 |    67 |    52 ||   162
Dodge: Dodged            |    43 |   135 |   231 |   259 ||   668

Table legend:
 A = Non-vault XP
 B = Vault XP
 C = Vault XP percentage of total XP
 D = Non-vault monster count
 E = Vault monster count
 F = Vault count percentage of total count
                 A         B        C        D         E       F
            +---------+---------+-------+---------+---------+-------
      Total |   13261 |    2826 |  17.6 |     272 |      25 |   8.4
            +---------+---------+-------+---------+---------+-------
        D:1 |      60 |       4 |   6.2 |      28 |       4 |  12.5
        D:2 |      49 |     260 |  84.1 |      17 |       8 |  32.0
        D:3 |     325 |       6 |   1.8 |      41 |       2 |   4.7
        D:4 |     416 |     198 |  32.2 |      27 |       2 |   6.9
        D:5 |     366 |     171 |  31.8 |      13 |       1 |   7.1
        D:6 |    1367 |       0 |   0.0 |      26 |       0 |   0.0
        D:7 |     692 |     356 |  34.0 |      16 |       4 |  20.0
        D:8 |    2501 |     682 |  21.4 |      24 |       2 |   7.7
        D:9 |    3798 |    1027 |  21.3 |      34 |       1 |   2.9
      Orc:1 |    1517 |       0 |   0.0 |      17 |       0 |   0.0
      Orc:2 |    2170 |     122 |   5.3 |      29 |       1 |   3.3
            +---------+---------+-------+---------+---------+-------
